 Dungeon Crawl Stone Soup version 0.26.0-18-gc5c842f807 (webtiles) character file.

Game seed: 9091717078919300868

98585 lessens the Brawler (level 16, -9/113 HPs)
             Began as an Octopode Transmuter on Jan 23, 2021.
             Was the Champion of Okawaru.
             Mangled by a boulder beetle (32 damage)
             ... on level 13 of the Dungeon.
             The game lasted 00:56:19 (46375 turns).

lessens the Brawler (Octopode Transmuter)          Turns: 46375, Time: 00:56:19

Health: -9/113     AC:  3    Str: 17    XL:     16   Next: 22%
Magic:  0/30       EV: 19    Int: 20    God:    Okawaru [******]
Gold:   1546       SH:  0    Dex: 12    Spells: 4/19 levels left

rFire    . . .     SeeInvis +     - Unarmed
rCold    + . .     Faith    .   (no shield)
rNeg     . . .     Spirit   +   a - +2 hat {Will+}
rPois    .         Reflect  .   v - amulet of guardian spirit
rElec    .         Harm     .   k - ring of protection from cold
rCorr    +         Rampage  .   E - ring of resist corrosion
Will     +++..                  H - ring of flight
Stlth    +++.......             K - ring of Qauvun {Will+ Int+5}
HPRegen  0.28/turn              L - ring of stealth
MPRegen  0.22/turn              T - ring of magical power
                                y - ring of see invisible
                                (no ring)

@: no status effects
A: almost no armour, stealthy swim, amphibious, 8 rings, constrict 8, camouflage
1, gelatinous body 1
a: Renounce Religion, Evoke Flight, Heroism, Finesse


You were on level 13 of the Dungeon.
You worshipped Okawaru.
Okawaru was exalted by your worship.
You visited 4 branches of the dungeon, and saw 23 of its levels.
You also visited: Ice Cave.

You collected 2469 gold pieces.
You spent 923 gold pieces at shops.

Inventory:

Missiles
 b - 559 arrows
 d - 686 stones
 h - 6 throwing nets
 l - a boomerang of dispersal
 w - 71 poisoned darts
 x - 30 boomerangs
 F - 2 javelins
 Q - 18 curare-tipped darts
 R - 2 silver javelins
Armour
 a - a +2 hat of willpower (worn)
 V - a +0 kite shield of cold resistance
Jewellery
 k - a ring of protection from cold (left tentacle)
 v - an amulet of guardian spirit (around mantle)
 y - a ring of see invisible (on tentacle)
 E - a ring of resist corrosion (right tentacle)
 H - a ring of flight (on tentacle)
 K - the ring of Qauvun (on tentacle) {Will+ Int+5}
   (You found it on level 12 of the Dungeon)

   [ring of willpower]

   It affects your intelligence (+5).
   It affects your willpower, your defense against some magical effects.
 L - a ring of stealth (on tentacle)
 N - an uncursed ring of ice
 T - a ring of magical power (on tentacle)
Wands
 m - a wand of iceblast (28)
 p - a wand of digging (8)
 t - a wand of flame (38)
 B - a wand of acid (12)
 C - a wand of enslavement (3)
Scrolls
 c - 3 scrolls of enchant weapon
 f - 2 scrolls of blinking
 j - 3 scrolls of amnesia
 q - 6 scrolls of remove curse
 r - 15 scrolls of teleportation
 A - 10 scrolls of identify
 G - a scroll of brand weapon
 O - 3 scrolls of fear
Potions
 e - a potion of degeneration
 g - 6 potions of curing
 i - a potion of brilliance
 n - 3 potions of flight
 o - 4 potions of might
 s - 3 potions of cancellation
 u - a potion of attraction
 z - a potion of invisibility
 D - 2 potions of mutation
 I - 2 potions of lignification
 J - 2 potions of ambrosia
 M - 6 potions of heal wounds
 S - 3 potions of haste
 U - a potion of resistance
Miscellaneous
 P - a lightning rod (4/4)


   Skills:
 + Level 11.6 Fighting
 + Level 10.5 Dodging
 - Level 20.0 Unarmed Combat
 - Level 2.0 Spellcasting
 - Level 8.8 Transmutations
 - Level 3.9 Poison Magic
 + Level 7.4 Invocations


You had 4 spell levels left.
You knew the following spells:

 Your Spells              Type           Power        Failure   Level
a - Beastly Appendage     Tmut           74%          1%          1
b - Wereblood             Tmut           37%          1%          2
c - Spider Form           Tmut/Pois      13%          3%          3
d - Ice Form              Ice/Tmut       19%          26%         4
e - Blade Hands           Tmut           18%          12%         5

Your spell library contained the following spells:

 Spells                   Type           Power        Failure   Level
 Corona                   Hex            2%           16%         1
 Magic Dart               Conj           8%           16%         1
 Shock                    Conj/Air       8%           16%         1
 Blink                    Tloc           N/A          24%         2
 Call Imp                 Summ           2%           24%         2
 Slow                     Hex            2%           24%         2
 Swiftness                Air            2%           24%         2
 Mephitic Cloud           Conj/Pois/Air  7%           28%         3
 Conjure Flame            Conj/Fire      2%           43%         3
 Inner Flame              Hex/Fire       2%           43%         3
 Portal Projectile        Hex/Tloc       4%           43%         3
 Static Discharge         Conj/Air       2%           43%         3
 Airstrike                Air            1%           83%         4
 Cause Fear               Hex            1%           83%         4
 Leda's Liquefaction      Hex/Erth       1%           83%         4
 Lightning Bolt           Conj/Air       1%           99%         5
 Ignition                 Fire           1%           100%        8
 Shatter                  Erth           1%           100%        9
 Tornado                  Air            1%           100%        9


Dungeon Overview and Level Annotations

Branches:
Dungeon (14/15)            Temple (1/1) D:6            Lair (6/6) D:10
  Swamp (0/4) Lair:2        Snake (0/4) Lair:4        Slime (0/5) Lair:6
    Orc (2/2) D:11            Elf (0/3) Orc:2        Vaults (0/5) D:14
  IceCv (visited)

Altars:
Ashenzari
Cheibriados
Dithmenos
Elyvilon
Fedhas
Gozag
Hepliaklqana
Kikubaaqudgha
Makhleb
Nemelex Xobeh
Okawaru
Qazlal
Ru
Sif Muna
Trog
Uskayaw
Vehumet
Wu Jian
Xom
Yredelemnul
Zin
The Shining One
Beogh
Jiyva
Lugonu

Shops:
D:7 }   Orc:1 [   Orc:2 [*!(

Portals:
Abyss: D:4

Annotations:
D:6 2 transporters, FancyManDan's ghost, novice OpTm
D:13 3 runed translucent doors


Innate Abilities, Weirdness & Mutations

You cannot wear most types of armour.
You are very stealthy in the water. (Stealth+)
You are amphibious.
You can wear up to eight rings at the same time.
You can use your tentacles to constrict eight enemies at once.
Your skin changes colour to match your surroundings (Stealth+).
Your rubbery body absorbs attacks. (AC +1, EV +1)


Message History

There is an open door here.
The gargoyle hurls a stone arrow at you.
The stone arrow misses you.
The boulder beetle leaps!
The gargoyle hurls a stone arrow at you.
The stone arrow hits you!
* * * LOW HITPOINT WARNING * * *
The boulder beetle leaps!
The boulder beetle leaps!
The boulder beetle leaps!
The boulder beetle seems to regain its courage.
The gargoyle hurls a stone arrow at you.
The stone arrow hits you!
* * * LOW HITPOINT WARNING * * *
There is an open door here.
You close the door.
Something unseen opens the door.
The boulder beetle curls into a ball and begins rolling!
There is a stone staircase leading up here.
The boulder beetle hits you!!!
You die...

....................###.....)..#
........##..........'.#..†.†...#
........##..........#.........)#
'#########..........###........#
.# #......<...# #####)#### .#
#####'###### #...## .# #...#
###..# .#### ###.# ######'##
....# #@# ###.......# ###.####
####B### #.B.......# .......#
####....○.####.#....B..#
.......###.....)..°#.○..#.......#
...#+#.....##......°°####.......#
.###.###...#.......### #..9....#
##.....###.#.####### #.......#
...#'#...#...# #####'###
.###.###.##..# ##>#


You could see a boulder beetle.

Vanquished Creatures
  An orc warlord (Orc:2)
  A frost giant (IceCv)
  Nessos (Orc:2)
  2 fire dragons
  Josephine (Orc:1)
  Harold (D:7)
  An ice dragon (Lair:6)
  5 hydras
  3 boulder beetles (D:13)
  2 death knights (D:13)
  4 two-headed ogres
  A death yak (Lair:6)
  3 centaur warriors
  2 tengu warriors
  3 orc high priests (Orc:2)
  Nergalle (D:10)
  Sonja (Orc:1)
  A swamp dragon (Lair:6)
  An orange crystal statue (D:13)
  3 lindwurms (Lair:6)
  Pikel (D:7)
  6 orc knights
  A phantasmal warrior (D:13)
  An orb spider (shapeshifter) (D:13)
  A deep elf mage (D:13)
  6 orc sorcerers
  A manticore (D:14)
  2 ugly things (D:13)
  Maurice (D:10)
  An ice statue (IceCv)
  19 elephants
  6 gargoyles
  6 torpor snails (Lair:6)
  7 black mambas
  Joseph (D:7)
  11 cane toads
  Maggie (D:10)
  9 rime drakes
  12 komodo dragons
  2 freezing wraiths (D:13)
  4 trolls
  Grinder (D:4)
  3 tyrant leeches (Lair:6)
  17 polar bears
  Prince Ribbit (D:5)
  5 hornets (Lair:6)
  19 blink frogs
  2 tengu conjurers
  3 dream sheep (Lair:6)
  4 wyverns (D:10)
  A shadow (D:14)
  7 wraiths
  55 yaks
  2 humans (D:10)
  9 basilisks
  3 vampire mosquitoes
  A warg (Orc:1)
  29 water moccasins
  2 acid dragons (Lair:6)
  2 swamp drakes (Lair:6)
  33 orc warriors
  4 black bears
  A necrophage (D:9)
  4 sky beasts
  2 eyes of draining
  A phantom (D:10)
  38 wolves
  12 ice beasts
  12 ogres
  10 centaurs
  2 lemures (D:7)
  3 big kobolds
  18 bullfrogs
  3 scorpions
  6 killer bees (D:7)
  26 wights
  An electric eel (Lair:6)
  4 howler monkeys
  A bullfrog zombie (D:7)
  7 hounds
  2 gnoll shamans
  20 orc priests
  5 centaur zombies
  25 orc wizards
  4 bullfrog skeletons
  3 centaur skeletons
  10 iguanas
  Natasha (thrice) (D:3)
  Terence (D:3)
  9 worker ants
  A hound zombie (D:9)
  2 hound skeletons
  A worker ant zombie (D:8)
  Robin (D:2)
  17 gnolls
  14 adders
  A howler monkey skeleton (D:4)
  2 shadow imps (D:7)
  4 white imps
  2 ufetubi
  4 adder skeletons
  A worm (D:2)
  4 dart slugs
  8 leopard geckos
  107 orcs
  5 giant cockroaches
  18 goblins
  12 hobgoblins
  16 jackals
  4 quokkas
  2 ball pythons
  8 bats
  5 frilled lizards
  18 kobolds
  A leopard gecko skeleton (D:5)
  A quokka skeleton (D:6)
  9 rats
  A butterfly (Lair:5)
  A lurking horror (D:4)
843 creatures vanquished.

Vanquished Creatures (collateral kills)
  A water moccasin (Lair:5)
1 creature vanquished.

Vanquished Creatures (others)
  A vampire (D:10)
  2 bushes (D:10)
  58 fungi
  125 plants
186 creatures vanquished.

Grand Total: 1030 creatures vanquished

Notes
Turn   | Place    | Note
-------+----------+-------------------------------------------
     0 | D:1      | lessens the Octopode Transmuter began the quest for the
                  | Orb.
     0 | D:1      | Reached XP level 1. HP: 13/13 MP: 3/3
   426 | D:1      | Reached XP level 2. HP: 18/18 MP: 3/5
   717 | D:1      | Reached XP level 3. HP: 20/23 MP: 4/6
  1295 | D:1      | Reached skill level 4 in Unarmed Combat
  1574 | D:2      | Learned a level 2 spell: Wereblood
  1578 | D:2      | Learned a level 3 spell: Spider Form
  1915 | D:2      | Reached XP level 4. HP: 28/28 MP: 5/7
  2164 | D:2      | Reached skill level 1 in Poison Magic
  2494 | D:2      | Noticed Robin
  2784 | D:2      | Killed Robin
  2785 | D:2      | Reached XP level 5. HP: 32/33 MP: 8/8
  3192 | D:3      | Noticed Terence
  3207 | D:3      | Killed Terence
  3438 | D:3      | Noticed Natasha
  3444 | D:3      | Killed Natasha
  3445 | D:3      | Reached skill level 5 in Unarmed Combat
  3570 | D:3      | Noticed Natasha
  3574 | D:3      | Killed Natasha
  3575 | D:3      | Reached XP level 6. HP: 31/38 MP: 7/9
  3693 | D:3      | Noticed Natasha
  3699 | D:3      | Killed Natasha
  4208 | D:4      | Noticed a phantom
  4919 | D:4      | Noticed Grinder
  5086 | D:4      | Paralysed by Grinder for 4 turns
  5093 | D:4      | Killed Grinder
  5094 | D:4      | Reached skill level 6 in Unarmed Combat
  5094 | D:4      | Reached XP level 7. HP: 40/43 MP: 8/10
  5420 | D:4      | Reached skill level 7 in Unarmed Combat
  5460 | D:4      | Found a corrupted altar of Lugonu.
  5576 | D:4      | Found a one-way gate to the infinite horrors of the Abyss.
  5660 | D:4      | Found a basalt altar of Yredelemnul.
  5660 | D:4      | Found a sacrificial altar of Ru.
  5819 | D:5      | Entered Level 5 of the Dungeon
  6013 | D:5      | Noticed Prince Ribbit
  6040 | D:5      | Reached XP level 8. HP: 19/48 MP: 3/11
  6243 | D:5      | Killed Prince Ribbit
  6244 | D:5      | Reached skill level 8 in Unarmed Combat
  6523 | D:5      | Reached skill level 9 in Unarmed Combat
  7000 | D:5      | Reached skill level 10 in Unarmed Combat
  7277 | D:5      | Reached XP level 9. HP: 51/53 MP: 7/12
  7561 | D:6      | Found a transporter.
  7562 | D:6      | Noticed FancyManDan's ghost (novice OpTm)
  7563 | D:6      | Found a transporter.
  7563 | D:6      | Identified the +5 great mace of the Warrior-Mage {speed,
                  | rC+ rN+ Str+3}
  7563 | D:6      | Noticed a two-headed ogre
  7951 | D:6      | Found a stormy altar of Qazlal.
  8017 | D:6      | Found a staircase to the Ecumenical Temple.
  8022 | Temple   | Entered the Ecumenical Temple
  9315 | D:6      | Noticed a troll
  9325 | D:6      | Killed a troll
  9326 | D:6      | Reached skill level 11 in Unarmed Combat
 10581 | D:7      | Reached XP level 10. HP: 57/65 MP: 9/13
 10806 | D:7      | Noticed Pikel
 10847 | D:7      | Killed Pikel
 10848 | D:7      | Reached skill level 5 in Fighting
 10848 | D:7      | Reached skill level 12 in Unarmed Combat
 11066 | D:7      | Found a sparkling altar of Nemelex Xobeh.
 11450 | D:7      | Found Nouh's Gadget Shop.
 11632 | D:7      | Noticed Harold
 11685 | D:7      | Killed Harold
 12077 | D:7      | Noticed Joseph
 12088 | D:7      | Killed Joseph
 12551 | D:8      | Reached skill level 13 in Unarmed Combat
 13034 | D:8      | Noticed a two-headed ogre
 13044 | D:8      | Killed a two-headed ogre
 13045 | D:8      | Reached skill level 5 in Transmutations
 13434 | D:8      | Reached XP level 11. HP: 70/73 MP: 12/14
 14057 | D:9      | Noticed a two-headed ogre
 14067 | D:9      | Killed a two-headed ogre
 14196 | D:9      | Found a hazy altar of Hepliaklqana.
 14395 | D:9      | Reached skill level 14 in Unarmed Combat
 14808 | D:9      | Found a shimmering blue altar of Sif Muna.
 15158 | D:9      | Found an iron altar of Okawaru.
 15171 | D:9      | Became a worshipper of Warmaster Okawaru
 15450 | D:10     | Entered Level 10 of the Dungeon
 15670 | D:10     | Noticed Maurice
 15683 | D:10     | Killed Maurice
 16030 | D:10     | Reached * piety under Okawaru
 16093 | D:10     | Found a staircase to the Lair.
 16861 | D:10     | Reached ** piety under Okawaru
 16869 | D:10     | Reached skill level 15 in Unarmed Combat
 17021 | D:10     | Noticed Maggie
 17045 | D:10     | Killed Maggie
 17046 | D:10     | Reached skill level 1 in Invocations
 17703 | D:10     | Noticed Nergalle
 17709 | D:10     | Found an iron altar of Okawaru.
 17721 | D:10     | Killed Nergalle
 17722 | D:10     | Reached XP level 12. HP: 49/80 MP: 5/15
 17810 | D:10     | Learned a level 4 spell: Ice Form
 17816 | D:10     | Learned a level 5 spell: Blade Hands
 18095 | D:11     | Found a staircase to the Orcish Mines.
 18463 | D:11     | Reached *** piety under Okawaru
 19941 | D:12     | Reached skill level 16 in Unarmed Combat
 20322 | D:12     | Noticed a centaur warrior
 20332 | D:12     | Killed a centaur warrior
 20332 | D:12     | Reached **** piety under Okawaru
 20589 | D:12     | Noticed a tengu warrior
 20600 | D:12     | Killed a tengu warrior
 21383 | D:12     | Got a smoking lead ring
 21452 | D:12     | Identified the ring of Qauvun {Will+ Int+5} (You found it
                  | on level 12 of the Dungeon)
 21474 | D:12     | Noticed a fire dragon
 21487 | D:12     | Killed a fire dragon
 22135 | Lair:1   | Entered Level 1 of the Lair of Beasts
 22673 | Lair:1   | Noticed a six-headed hydra
 22682 | Lair:1   | Killed a six-headed hydra
 22682 | Lair:1   | Reached ***** piety under Okawaru
 22683 | Lair:1   | Reached XP level 13. HP: 41/84 MP: 7/16
 22878 | Lair:1   | Found a stormy altar of Qazlal.
 23136 | Lair:1   | Reached skill level 17 in Unarmed Combat
 24245 | Lair:2   | Received a gift from Okawaru
 26159 | Lair:2   | Found a staircase to the Swamp.
 27643 | Lair:3   | Reached skill level 5 in Dodging
 28634 | Lair:4   | Found a staircase to the Snake Pit.
 28847 | Lair:4   | Reached skill level 18 in Unarmed Combat
 28987 | Lair:4   | Received a gift from Okawaru
 30321 | Lair:5   | Reached XP level 14. HP: 28/93 MP: 3/17
 32598 | Lair:6   | Entered Level 6 of the Lair of Beasts
 33060 | Lair:6   | Received a gift from Okawaru
 33623 | Lair:6   | Found a runed translucent door.
 33948 | Lair:6   | Paralysed by a hornet for 2 turns
 34825 | Lair:6   | Reached ****** piety under Okawaru
 34988 | Lair:6   | Reached skill level 19 in Unarmed Combat
 34997 | Lair:6   | HP: 4/116 [elephant (10)]
 35539 | Lair:6   | Received a gift from Okawaru
 36123 | Lair:6   | Found a staircase to the Slime Pits.
 36123 | Lair:6   | Found a viscous altar of Jiyva.
 36597 | Lair:6   | HP: 7/145 [poison (poison gas)]
 36602 | Lair:6   | HP: 3/145 [poison (poison gas)]
 36606 | Lair:6   | HP: 1/145 [poison (poison gas)]
 37016 | Lair:6   | Paralysed by a hornet for 1 turns
 37165 | Lair:6   | Reached XP level 15. HP: 58/102 MP: 12/18
 38208 | Orc:1    | Entered Level 1 of the Orcish Mines
 38254 | Orc:1    | Noticed Sonja
 38265 | Orc:1    | Found a frozen archway.
 38312 | Orc:1    | Killed Sonja
 38640 | IceCv    | Entered an ice cave
 39129 | IceCv    | Reached skill level 10 in Fighting
 39431 | IceCv    | Noticed a frost giant
 39459 | IceCv    | Killed a frost giant
 40386 | Orc:1    | Found Wuuff's Armour Shoppe.
 40615 | Orc:1    | Noticed Josephine
 40621 | Orc:1    | Killed Josephine
 41301 | Orc:2    | Entered Level 2 of the Orcish Mines
 41301 | Orc:2    | Found a staircase to the Elven Halls.
 41930 | Orc:2    | Received a gift from Okawaru
 42024 | Orc:2    | Found a roughly hewn altar of Beogh.
 42467 | Orc:2    | Noticed Nessos
 42476 | Orc:2    | Killed Nessos
 42562 | Orc:2    | Found Zicescha's Weapon Emporium.
 42988 | Orc:2    | Noticed an orc warlord
 42997 | Orc:2    | Killed an orc warlord
 42998 | Orc:2    | Reached skill level 20 in Unarmed Combat
 43357 | Orc:2    | Reached skill level 5 in Invocations
 43890 | Orc:2    | Received a gift from Okawaru
 43958 | Orc:2    | Found Ipiemp's Distillery.
 43963 | Orc:2    | Bought a potion of haste for 150 gold pieces
 43963 | Orc:2    | Bought a potion of curing for 45 gold pieces
 43963 | Orc:2    | Bought a potion of haste for 150 gold pieces
 43963 | Orc:2    | Bought a potion of curing for 45 gold pieces
 43963 | Orc:2    | Bought a potion of heal wounds for 75 gold pieces
 43963 | Orc:2    | Bought a potion of heal wounds for 75 gold pieces
 43963 | Orc:2    | Bought 2 potions of curing for 90 gold pieces
 43963 | Orc:2    | Bought a potion of heal wounds for 75 gold pieces
 43963 | Orc:2    | Bought 2 potions of curing for 90 gold pieces
 43973 | Orc:2    | Found Gomuv's Assorted Antiques.
 43975 | Orc:2    | Found Voiwk's Armour Emporium.
 43985 | Orc:2    | Bought a potion of might for 128 gold pieces
 44194 | D:13     | Found a runed translucent door.
 44201 | D:13     | Found a runed translucent door.
 44230 | D:13     | Found a runed translucent door.
 44380 | D:13     | Found a runed translucent door.
 44797 | D:13     | Reached skill level 10 in Dodging
 44996 | D:13     | Reached XP level 16. HP: 112/112 MP: 20/20
 46352 | D:14     | Found a gate to the Vaults.
 46375 | D:13     | Mangled by a boulder beetle

Illustrated notes

Levels and vault maps discovered:
D:1:      onia_arrival_mini_spirals, layout_basic
D:2:      minmay_angry_zag, layout_loops_ring, kennysheep_nub, uniq_robin
D:3:      layout_loops_ring, uniq_natasha, uniq_terence
D:4:      layout_rooms, gammafunk_temple_overflow_statue,
          amcnicky_altar_lugonu_corruption, uniq_grinder
D:5:      layout_basic, uniq_prince_ribbit1
D:6:      layout_basic, minmay_temple_entry_sparse_star, gammafunk_ghost_smash,
          grunt_qazlal_sundering
D:7:      layout_basic, nemelex_altar_shiori, serial_shops, shop, minmay_bent,
          uniq_harold, uniq_joseph, uniq_pikel
D:8:      layout_loops_corners, hangedman_decor_peaks_small
D:9:      layout_small_grid, nicolae_overflow_crystal_walls, lemuel_round_altar,
          lemuel_crystal_altar
D:10:     layout_loops_ring, minmay_lair_entry_grove, okawaru_humans,
          uniq_maggie, uniq_nergalle, uniq_maurice
D:11:     layout_stronghold, hiddenorc2_lemuel, feat_on_display
D:12:     wad_mega_maze, layout_basic, gauntlet_entry_generic, dk_vineyard_3,
          hex_medium
D:13:     layout_roguey, minmay_statue_crystal_thing
D:14:     layout_layer_cave, david_vaults_3, hangedman_decor_riveting,
          enter_trove_0, grunt_dithmenos_shadows
Temple:   eino_temple_scatter_basement
Lair:1:   layout_regular_city, basic_altar
Lair:2:   layout_cave_pods, swamp_mist, beast_lair_carwin_6,
          serial_bayou_shore_b, grunt_megastairs_1, infiniplex_staircase_pool_2
Lair:3:   layout_chaotic_city
Lair:4:   layout_long_grid, dummy_snake_entry
Lair:5:   layout_gridlike, serial_bayou_shore_b, lemuel_fruit_fields
Lair:6:   guppyfry_lair_end_dragon, layout_misc_corridors, wormcave,
          slime_altar_1, serial_bayou_pond_b, st_stairs_11
Orc:1:    layout_diamond_mine, serial_shops, nicolae_shop_crystal,
          portal_ice_cave_entry_ice_beasts, nicolae_orc_stony_grotto,
          uniq_sonja, uniq_josephine
Orc:2:    st_orc_elflike, layout_caves, basic_altar,
          nicolae_orc_sculptors_studio, minmay_orc_barracks, uniq_nessos

Skill      XL: |  1  2  3  4  5  6  7  8  9 10 11 12 13 14 15 16 |
---------------+-------------------------------------------------+-----
Unarmed Combat | 4 5 6 7 10 11 13 15 16 18 19 20 | 20.0
Poison Magic   | 1 2 3 |  3.9
Transmutations | 3 4 5 7 8 |  8.8
Fighting       | 4 6 7 9 11 | 11.6
Invocations    | 2 4 6 7 |  7.4
Dodging        | 3 5 8 10 | 10.5
Spellcasting   | |  2.0

Action                   |  1- 3 |  4- 6 |  7- 9 | 10-12 | 13-15 | 16-18 || total
-------------------------+-------+-------+-------+-------+-------+-------++-------
Melee: Unarmed           |    83 |   170 |   284 |   693 |  1255 |   120 ||  2605
       Kick              |    18 |    31 |       |       |       |       ||    49
       Constrict         |    21 |    37 |     5 |    25 |     6 |     4 ||    98
       Tentacles         |     7 |    20 |     1 |    28 |    13 |     9 ||    78
       Punch             |     3 |     4 |       |    12 |    10 |     4 ||    33
Throw: Stone             |       |       |     2 |       |       |       ||     2
 Cast: Beastly Appendage |    21 |    35 |       |       |       |       ||    56
       Spider Form       |       |       |    39 |    75 |    73 |     7 ||   194
       Ice Form          |       |       |       |       |    70 |       ||    70
       Blade Hands       |       |       |       |       |     3 |     1 ||     4
Invok: Heroism           |       |       |       |     3 |     1 |       ||     4
 Abil: End Transformatio |       |       |       |       |     5 |       ||     5
Evoke: Wand              |       |       |       |     6 |       |       ||     6
  Use: Scroll            |       |     4 |     1 |    11 |    15 |     1 ||    32
       Potion            |       |     3 |       |     8 |    10 |       ||    21
 Stab: Sleeping          |     7 |     6 |     2 |     6 |     8 |       ||    29
       Distracted        |       |       |     1 |     2 |       |       ||     3
       Invisible         |       |       |       |       |     3 |       ||     3
Armor: Skin              |     8 |    20 |    11 |    22 |   101 |    10 ||   172
Dodge: Dodged            |    50 |    80 |   213 |   471 |   939 |   134 ||  1887
